[Event "MARCEL 1st Div Ch-League 2019"]
[Site "Dhaka"]
[Date "2019.11.19"]
[Round "8.1"]
[White "Suvradeepta, Das"]
[Black "Rahman, Almasur"]
[Result "1-0"]
[ECO "A39"]
[WhiteElo "1997"]
[BlackElo "1958"]
[Annotator "NA"]
[PlyCount "133"]
[EventDate "2019.11.12"]
[EventCountry "BAN"]
[SourceTitle "playchess.com"]
[Source "ChessBase"]
[SourceQuality "1"]
[TimeControl "5400+30"]

1. c4 c5 2. Nf3 Nc6 3. g3 Nf6 4. Bg2 g6 5. O-O Bg7 6. d4 cxd4 7. Nxd4 O-O 8. Nc3 Nxd4 9. Qxd4 d6 10. Rd1 Ng4 11. Qd2 Qb6 {[%emt 0:03:02] A39: Symmetrical English vs ...g6: 4 Bg2 Bg7 5 Nf3 Nf6 6 0-0 0-0 7 d4} (11... Be6 12. b3 {½-½ (12) Mrdja,M (2279)-Djuric,S (2358) Cesenatico 2019}) 12. Qe1 $146 ({Better is Predecessor:} 12. e3 $14 Ne5 13. b3 Bg4 14. Re1 Nf3+ 15. Bxf3 Bxf3 16. Bb2 Qa5 17. Qd3 Qh5 18. e4 f5 19. exf5 Rxf5 {½-½ (59) Zaruski,J (1835)-Dotta,G (1910) Montevideo 2018}) 12... Be6 13. h3 Ne5 14. b3 Rac8 15. Be3 Qa6 16. Bd4 Nc6 17. Bxg7 Kxg7 18. Qd2 Qa5 19. Rac1 Qh5 20. h4 Qe5 21. Ne4 h6 22. c5 d5 (22... dxc5 $11 {remains equal.} 23. Nxc5 (23. Rxc5 Rfd8 $11) 23... Rfd8 24. Nxe6+ Qxe6 25. Qb2+ Qf6 26. Qxf6+ Kxf6) 23. Nc3 (23. f4 $5 Qh5 24. Nf2 $14) 23... Rfd8 24. Nb5 a6 25. Nc3 Nb8 (25... d4 $11 26. Na4 Bg4) 26. Na4 ({Of course not} 26. Nxd5 Bxd5 27. Bxd5 e6 $17) ({Weaker is} 26. Bxd5 Rxc5 27. e4 Bg4 $17) 26... Nd7 27. b4 ({Weaker is} 27. Bxd5 Nf6 $17) (27. f4 $5 Qc7 28. Qe3 $14) 27... Kh7 28. Bf3 ({And not} 28. Bxd5 Nf6 $17) 28... f5 29. Qf4 ({Wrong is} 29. Bxd5 $2 Nf6 $19) 29... Qxf4 30. gxf4 Nf6 $1 31. Rd4 Bf7 32. Nb6 Rb8 33. e3 e6 34. Kf1 Be8 35. Ke1 Nd7 36. Nxd7 Bxd7 37. Be2 Kg7 38. f3 Bc6 39. Kf2 Kf6 40. Ra1 Bb5 41. a4 Bxe2 42. Kxe2 Rdc8 43. a5 Rd8 44. Rd2 Rbc8 45. Kd3 Rc7 46. Kd4 Rdd7 47. Rb1 Rd8 48. Rdb2 Ra8 49. Rd2 Rc6 50. Rg1 Rc7 51. Rc2 Rac8 52. Rgc1 Rc6 53. Rb1 Ra8 54. b5 axb5 55. Rxb5 Rc7 56. Kc3 Ke7 57. Kb4 Rg8 (57... Rd8 $16) 58. Rg2 Kf6 59. Rb6 Rgc8 {[%emt 0:01:00] [#]} 60. Rc2 $1 Ke7 (60... Re7 {was called for.} 61. c6 bxc6 62. Rcxc6 (62. Rbxc6 Rb7+ 63. Kc5 Rcb8 $14) 62... Rxc6 63. Rxc6 g5) 61. Kb5 Kf7 $2 (61... Rd8 62. c6 bxc6+ 63. Rcxc6 Rxc6 64. Rxc6 (64. Kxc6 d4 $16) 64... g5 65. hxg5 hxg5 66. fxg5 f4) 62. c6 bxc6+ 63. Rcxc6 Rxc6 64. Rxc6 Rb8+ 65. Rb6 $18 Rc8 66. a6 Rc1 67. a7 1-0

[Event "MARCEL 1st Div Ch-League 2019"]
[Site "Dhaka"]
[Date "2019.11.19"]
[Round "8.2"]
[White "Mohammad, Shameem"]
[Black "Sarbojit Paul"]
[Result "1/2-1/2"]
[ECO "D02"]
[WhiteElo "2015"]
[BlackElo "2074"]
[Annotator "NA RC"]
[PlyCount "36"]
[EventDate "2019.11.12"]
[EventCountry "BAN"]
[SourceTitle "playchess.com"]
[Source "ChessBase"]
[SourceQuality "1"]
[TimeControl "5400+30"]

1. d4 d5 2. Nf3 Nf6 3. g3 c6 4. Bg2 Bg4 5. Ne5 Bf5 6. c4 e6 7. O-O Nbd7 8. Qb3 Qb6 9. Qxb6 axb6 10. cxd5 exd5 11. Nc3 Bd6 12. Bf4 Bxe5 13. dxe5 Ne4 $11 14. Nxe4 dxe4 15. Rfd1 Nc5 16. Rd2 Nd7 17. Rdd1 Nc5 18. Rd2 Nd7 1/2-1/2

[Event "MARCEL 1st Div Ch-League 2019"]
[Site "Dhaka"]
[Date "2019.11.19"]
[Round "8.3"]
[White "Anisuzzaman, Jewel"]
[Black "Habibur Rahman, Sohel"]
[Result "1-0"]
[ECO "A39"]
[WhiteElo "1852"]
[BlackElo "1841"]
[Annotator "NA"]
[PlyCount "51"]
[EventDate "2019.11.12"]
[EventCountry "BAN"]
[SourceTitle "playchess.com"]
[Source "ChessBase"]
[SourceQuality "1"]
[TimeControl "5400+30"]

1. c4 c5 2. Nc3 Nc6 3. g3 g6 4. Bg2 Bg7 5. Nf3 d6 6. O-O Nf6 7. d4 cxd4 8. Nxd4 Nxd4 9. Qxd4 O-O 10. b3 a6 11. Bb2 Rb8 12. Rfd1 {[%emt 0:06:12] A39: Symmetrical English vs ...g6: 4 Bg2 Bg7 5 Nf3 Nf6 6 0-0 0-0 7 d4} (12. Rac1 Ng4 13. Qd2 Qa5 14. h3 Nf6 15. Rfd1 Qh5 16. g4 Qh4 17. Nd5 Nxd5 18. Bxg7 Kxg7 19. cxd5 f5 {½-½ (53) Gopal,G (2580)-Belyakov,B (2456) Doha 2014}) 12... b6 13. Nd5 Bb7 14. Rac1 Bxd5 $146 ({Predecessor:} 14... Ne8 15. Qd2 Bxb2 16. Qxb2 e6 17. Ne3 Bxg2 18. Kxg2 Qc7 19. Ng4 f6 {½-½ (28) Schwarz,M-Prouza,P Svetla nad Sazavou 1998}) 15. cxd5 Rc8 16. Bh3 Rc5 17. e4 Qc7 (17... Nh5 $11 18. Qd2 Bxb2 19. Qxb2 a5) 18. b4 Rc2 {[%emt 0:03:38] [#]} (18... Nh5 $16 19. Qd2 Bxb2 20. Qxb2 (20. bxc5 Bxc1 21. cxd6 Qxd6 $16) 20... Rc4) 19. Qd3 $1 Rxc1 20. Rxc1 ({Much less strong is} 20. Bxc1 $6 b5 $16) 20... Qb7 21. Rc6 $2 ({White should play} 21. a4 $18) 21... b5 $2 (21... Nxd5 $1 $11 {and Black is okay.} 22. exd5 (22. Bxg7 Nxb4 {[%mdl 64] Double Attack} 23. Qd2 Nxc6 $17) 22... Bxb2) 22. Bd4 Ra8 23. Be3 h5 {[%emt 0:05:51] [#]} 24. Qc2 $18 Ne8 25. Bc8 Qb8 26. Bxa6 1-0

[Event "MARCEL 1st Div Ch-League 2019"]
[Site "Dhaka"]
[Date "2019.11.19"]
[Round "8.4"]
[White "Sharmin, Samiha Shimmi"]
[Black "Sacchu, Afzal Hossain"]
[Result "0-1"]
[ECO "B22"]
[WhiteElo "1853"]
[BlackElo "1996"]
[Annotator "NA"]
[PlyCount "196"]
[EventDate "2019.11.12"]
[EventCountry "BAN"]
[SourceTitle "playchess.com"]
[Source "ChessBase"]
[SourceQuality "1"]
[TimeControl "5400+30"]

1. e4 c5 2. c3 d5 3. exd5 Qxd5 4. d4 e6 5. Nf3 Nf6 6. Na3 cxd4 7. Nb5 Qd8 8. Nbxd4 {[%emt 0:00:00] B22: Sicilian: 2 c3} (8. Qxd4 $16 Nbd7 (8... Qxd4 9. Nfxd4 Na6 10. Bf4 Bc5 11. Be2 O-O 12. O-O Re8 13. Nd6 Bxd6 14. Bxd6 e5 15. Nb5 Ne4 16. Ba3 Bd7 17. f3 {1-0 (32) Liascovich,L (2503)-Varela,G (2402) Villa Martelli 2016}) 9. Nd6+ Bxd6 10. Qxd6) 8... Be7 9. Be2 O-O 10. O-O b6 11. a3 $146 ({Predecessor:} 11. Ne5 Bb7 12. Bf3 Qc8 13. Re1 Re8 14. Bf4 Nd5 15. Bg3 Nd7 16. Be4 Nxe5 17. Bxe5 {1-0 (37) Mahdy,K (2395)-Pilaj,H (2362) Vienna 2010}) 11... Bb7 12. b4 Nc6 13. Nxc6 Bxc6 14. Bb2 Qc7 15. Qb3 Rfd8 16. Rfd1 Ng4 17. h3 Ne5 18. Nd4 Bd5 19. Qc2 Nc4 20. Bxc4 Qxc4 21. Qe2 Rdc8 22. Qxc4 Rxc4 23. Nc2 Rc7 24. Ne3 Bb3 25. Rd3 b5 26. Rc1 Rac8 27. Nc2 Bg5 28. Ne3 h5 29. g3 Be7 30. Kg2 Ra8 31. c4 Bxc4 $1 32. Nxc4 bxc4 33. Rdd1 Rac8 34. Bc3 g5 35. a4 {[%emt 0:01:07] [#]} a6 $1 36. Rb1 Rb7 ({Black should play} 36... Kh7 $17) 37. b5 axb5 38. Rxb5 Rxb5 39. axb5 Rb8 40. Rd4 (40. Rb1 $1 $11) 40... Bf6 41. Rxc4 Bxc3 42. Rxc3 Rxb5 43. g4 (43. Rc4 $15) 43... Kg7 44. gxh5 Kh6 45. Rc8 Kxh5 46. Rh8+ $1 Kg6 47. h4 Kg7 48. Rh5 $1 f6 49. f3 Ra5 50. Kf2 Rf5 51. hxg5 Rxg5 52. Rh1 Kg6 53. Rh4 Kf5 54. Ke3 Rg1 55. Rf4+ Kg5 56. Ra4 Re1+ 57. Kf2 Rd1 58. Ke3 Rd5 59. Rg4+ Kf5 60. Rf4+ Ke5 61. Re4+ Kd6 62. Ra4 Rb5 63. Ra6+ Ke5 64. Ra4 Rb3+ 65. Ke2 Kf5 66. Rc4 e5 67. Ra4 Rc3 68. Rb4 Ra3 69. Rc4 Ke6 70. Rc6+ Kf5 71. Rc4 Ra2+ 72. Ke3 Rh2 73. Ra4 Rg2 74. Ra8 Rg7 75. Ra4 Rb7 76. Rc4 Rb3+ 77. Ke2 Rb2+ 78. Ke3 Kg5 79. Rg4+ Kf5 80. Ra4 Rb6 81. Rc4 Ke6 82. Ra4 f5 83. Rc4 Rb2 84. Rc3 f4+ 85. Kd3 Rf2 86. Kc4 Kf5 87. Rd3 Re2 88. Kc3 Kg5 $19 89. Kc4 Kh4 90. Kc3 Kg3 91. Kc4 Re3 92. Rd8 Kxf3 93. Re8 Ke2 94. Ra8 f3 95. Ra2+ Kf1 96. Ra1+ Kg2 97. Ra8 f2 98. Rg8+ Rg3 0-1

[Event "MARCEL 1st Div Ch-League 2019"]
[Site "Dhaka"]
[Date "2019.11.19"]
[Round "8.7"]
[White "Nayem, Haque"]
[Black "Apollosana Mangang, Rajkumar"]
[Result "1/2-1/2"]
[ECO "E93"]
[WhiteElo "1875"]
[BlackElo "2078"]
[Annotator "NA"]
[PlyCount "40"]
[EventDate "2019.11.12"]
[EventCountry "BAN"]
[SourceTitle "playchess.com"]
[Source "ChessBase"]
[SourceQuality "1"]
[TimeControl "5400+30"]

1. d4 Nf6 2. c4 g6 3. Nc3 Bg7 4. e4 d6 5. Nf3 O-O 6. Bg5 h6 7. Bh4 Nbd7 8. Be2 e5 9. d5 a5 10. Qc2 {[%emt 0:00:00] E93: King's Indian: Classical: Petrosian System with 7...Nbd7} (10. Nd2 Nc5 11. g4 c6 12. f3 Bd7 13. Nb3 Na6 14. O-O a4 15. Nd2 Qa5 16. a3 cxd5 17. cxd5 b5 18. Bd3 Rfc8 19. Na2 {0-1 (54) Yurtseven,M (2381)-Heberla,B (2534) Konya 2019}) 10... Nc5 11. Nd2 Bd7 12. Nb3 b6 $146 ({Predecessor:} 12... Na4 13. f3 b6 14. Nc1 Nxc3 15. bxc3 Qc8 16. Nd3 Nh7 {1-0 (68) Barski,V (1660)-Depoorter,E (2035) Bethune 2001}) 13. Nxc5 bxc5 14. a4 Qc8 15. Rd1 Nh7 16. f3 f5 17. Bd3 f4 18. Kd2 Bf6 19. Bxf6 Nxf6 20. Kc1 Rf7 $14 1/2-1/2

[Event "MARCEL 1st Div Ch-League 2019"]
[Site "Dhaka"]
[Date "2019.11.19"]
[Round "8.8"]
[White "Hasan Md, Emam"]
[Black "Islam, Sheik Md. Khairul"]
[Result "1-0"]
[ECO "C06"]
[WhiteElo "2046"]
[BlackElo "1966"]
[Annotator "NA"]
[PlyCount "87"]
[EventDate "2019.11.12"]
[EventCountry "BAN"]
[SourceTitle "playchess.com"]
[Source "ChessBase"]
[SourceQuality "1"]
[TimeControl "5400+30"]

1. e4 e6 2. d3 d5 3. Nd2 Nf6 4. Ngf3 Bb4 5. c3 Be7 6. e5 Nfd7 7. d4 c5 8. Bd3 Nc6 9. b3 {[%emt 0:01:18] C06: French Tarrasch: 3...Nf6 4 e5 Nfd7 5 Bd3 main lines} (9. O-O g5 10. Qe2 h5 11. Qe3 Qb6 12. b4 cxd4 13. cxd4 Nxb4 14. Rb1 Qa5 15. Be2 g4 16. Ne1 Nb6 17. Nb3 Qa4 {½-½ (30) Xiong,J (2634)-Van Foreest,J (2629) Wijk aan Zee 2018}) 9... a6 10. O-O b6 11. Bb2 $146 ({Predecessor:} 11. Re1 Bb7 12. Nf1 Nf8 13. Ng3 h5 14. Be3 h4 15. Ne2 Qd7 16. h3 O-O-O 17. Ng5 Bxg5 18. Bxg5 {1-0 (44) Chow,A (2295)-Alliston,R Chicago 1991}) 11... Bb7 12. Re1 Qc7 13. Rc1 Nf8 14. c4 Rd8 15. cxd5 exd5 16. dxc5 bxc5 17. Nf1 Ne6 18. Ng3 ({White should play} 18. Ne3 $11) 18... g6 19. Qd2 Nb4 20. Bb1 Qb6 21. Bc3 d4 22. Bxb4 cxb4 23. Be4 h6 (23... a5 $11 {keeps the balance.}) 24. Bxb7 Qxb7 25. Ne4 Kf8 26. Rc4 Kg7 27. Nd6 Bxd6 28. exd6 Rxd6 29. Rxb4 Qa7 30. Rc4 Rhd8 31. h4 Qa8 32. Ne5 Qd5 33. Nd3 Qh5 34. Re4 g5 35. Nc5 Nf4 {[%emt 0:00:00] [#]} (35... Nxc5 $11 36. Rxc5 Qg6) 36. Nb7 $1 Qg4 (36... d3 {was necessary.} 37. Nxd8 (37. Nxd6 Rxd6 38. Re3 Rf6 $16) 37... Rxd8) 37. f3 Qg3 38. Nxd6 (38. Nxd8 $18 {has better winning chances.} Rxd8 39. hxg5 hxg5 40. Rcxd4) 38... Rxd6 39. Rcxd4 Rc6 {[%emt 0:00:00] [#]} (39... Rf6 $142 40. hxg5 hxg5) 40. Rxf4 $1 gxf4 41. Rxf4 h5 42. Qd4+ Kf8 $2 (42... Kg8 43. Qe3 Re6) 43. Qh8+ {[%emt 0:00:50] Double Attack} Ke7 44. Qe5+ $18 1-0

[Event "MARCEL 1st Div Ch-League 2019"]
[Site "Dhaka"]
[Date "2019.11.19"]
[Round "8.10"]
[White "Mohammad, Hasan Mia"]
[Black "Bhuiyan, Golam Mostafa"]
[Result "0-1"]
[ECO "D35"]
[WhiteElo "1743"]
[BlackElo "2060"]
[Annotator "NA"]
[PlyCount "82"]
[EventDate "2019.11.12"]
[EventCountry "BAN"]
[SourceTitle "playchess.com"]
[Source "ChessBase"]
[SourceQuality "1"]
[TimeControl "5400+30"]

1. d4 d5 2. c4 e6 3. cxd5 exd5 4. Nc3 Nf6 5. Bg5 Be7 6. Qc2 h6 7. Bh4 {[%emt 0:00:21] D35: Queen's Gambit Declined: Exchange Variation} Nc6 (7... Nbd7 8. e3 c6 9. Bd3 Nh5 10. Bxe7 Qxe7 11. O-O-O Nb6 12. h3 Nf6 13. Nf3 Be6 14. Kb1 O-O-O 15. Ne5 Nfd7 16. Nf3 Nf6 17. Rhe1 Rhe8 {1-0 (48) Miron,L (2490)-Borsuk,Y (2324) Agneaux 2015}) 8. e3 Nb4 9. Qb1 g6 $146 ({Predecessor:} 9... Bg4 10. a3 Nc6 11. f3 Be6 12. Bd3 Qd7 13. Nge2 Nh5 14. Bf2 Nf6 {1-0 (25) Briem,B (1464)-Ragnarsson,R (1014) Reykjavik 2018}) 10. Bd3 Nxd3+ 11. Qxd3 c6 12. Nge2 Bf5 13. Qd2 g5 14. Bg3 h5 15. Be5 Rg8 16. h3 Bb4 17. f3 Qe7 18. g4 (18. a3 $11 Ba5 19. g4) 18... Bg6 19. Nc1 Nd7 20. Bg3 Nb6 21. b3 Qf6 22. O-O O-O-O 23. Nd3 Bxd3 24. Qxd3 Bd6 25. Kg2 Rge8 26. Rac1 Kb8 27. Rfd1 (27. Bxd6+ $15 Qxd6 28. gxh5) 27... Re7 (27... Bxg3 $17 28. Kxg3 h4+ 29. Kg2 Qd6) 28. Bxd6+ Qxd6 29. e4 f6 (29... Rh8 $17 30. e5 Qh6) 30. Ne2 $2 (30. gxh5 $11 {and White has nothing to worry.} Qf4 31. exd5) 30... Rde8 ({Less strong is} 30... hxg4 31. hxg4 Qe6 32. Nc3 $17) 31. Ng3 dxe4 32. fxe4 {[%emt 0:00:39] [#]} Qd7 $2 ({Better is} 32... Nd5 $1 $19 33. Kh1 (33. exd5 Re3) 33... Nf4) 33. Nxh5 Rxe4 34. Nxf6 (34. Qg3+ $11 Qc7 35. Qxc7+ Kxc7 36. Nxf6 Re2+ {[%mdl 64] Double Attack} 37. Kf1) 34... Re2+ {[%emt 0:00:19] Double Attack} 35. Kf1 Qf7 36. Qf5 R8e6 37. Nh7 $2 (37. Nh5 $17 Qe7 38. Qc5) 37... Qc7 38. Re1 Qh2 39. Qf3 $19 R6e3 $1 40. Qf8+ Nc8 41. Rxe2 Qxe2+ 0-1

[Event "MARCEL 1st Div Ch-League 2019"]
[Site "Dhaka"]
[Date "2019.11.19"]
[Round "8.11"]
[White "Islam, Mohammad Aminul"]
[Black "Kyum, Ahmed"]
[Result "1-0"]
[ECO "B38"]
[WhiteElo "2078"]
[BlackElo "1909"]
[Annotator "NA"]
[PlyCount "69"]
[EventDate "2019.11.12"]
[EventCountry "BAN"]
[SourceTitle "playchess.com"]
[Source "ChessBase"]
[SourceQuality "1"]
[TimeControl "5400+30"]

1. c4 Nf6 2. Nc3 c5 3. Nf3 Nc6 4. d4 cxd4 5. Nxd4 d6 6. e4 g6 7. Be2 Bg7 8. Be3 Bd7 9. O-O O-O 10. Rc1 Rc8 11. f3 b6 12. Qd2 Nxd4 13. Bxd4 Bc6 {[%emt 0:00:30] B38: Sicilian: Maroczy Bind with 5...Bg7 and 7...0-0} 14. Rfd1 Ne8 (14... Qd7 15. b4 Rfd8 16. a4 Bxa4 17. Nxa4 Qxa4 18. b5 a5 19. Bxb6 Nd7 20. Bxd8 Rxd8 21. c5 dxc5 22. Rxc5 Nxc5 23. Qxd8+ {1-0 (44) Degenhard,S (2189)-Wild,R (2190) Wuerttemberg 2017}) 15. b4 $146 ({Predecessor:} 15. Nd5 e5 16. Bf2 Bd7 17. b4 f5 18. c5 dxc5 19. bxc5 b5 20. Ne7+ Qxe7 21. Qxd7 Qxd7 22. Rxd7 {½-½ (40) Mueller,A (1688)-Goertz,H (1968) Bayerisch Eisenstein 2018}) 15... Bxd4+ 16. Qxd4 Ng7 17. Qe3 Qc7 18. Nd5 Qb7 19. g4 f6 20. f4 (20. b5 $5 Bxd5 21. cxd5 $14) 20... e5 (20... e6 $14) 21. f5 g5 22. Rc3 Ne8 23. Kf2 Bxd5 24. Rxd5 h6 25. Bd1 Qe7 26. Qd2 (26. Bb3 $18) 26... Rd8 $2 (26... Nc7 $16) 27. c5 bxc5 28. bxc5 Rc8 $2 (28... Qb7 29. Kf3 Rf7) 29. Ba4 Qc7 (29... a5 $142 30. c6 Kg7 31. Rxa5 d5 32. Qxd5 Nd6) 30. Rb3 Rf7 31. cxd6 Nxd6 32. Rxd6 Qc5+ 33. Kg2 Qc2 34. Rb4 Qxd2+ $18 35. Rxd2 1-0

[Event "MARCEL 1st Div Ch-League 2019"]
[Site "Dhaka"]
[Date "2019.11.19"]
[Round "8.12"]
[White "Md. Nasim Hossain, Bhuiyan"]
[Black "Avik, Sarker"]
[Result "0-1"]
[ECO "C42"]
[WhiteElo "1801"]
[BlackElo "1980"]
[Annotator "NA"]
[PlyCount "75"]
[EventDate "2019.11.12"]
[EventCountry "BAN"]
[SourceTitle "playchess.com"]
[Source "ChessBase"]
[SourceQuality "1"]
[TimeControl "5400+30"]

1. e4 e5 2. Nf3 Nf6 3. Nxe5 d6 4. Nf3 Nxe4 5. d4 d5 6. Bd3 Bd6 7. O-O O-O 8. c4 c6 9. Nc3 Nxc3 10. bxc3 dxc4 11. Bxc4 Bf5 12. Bg5 {[%emt 0:00:30] C42: Petroff Defence: 3 Nxe5 and unusual White 3rd moves} Qa5 13. Qd2 (13. Nh4 Be6 14. Bxe6 Qxg5 15. Nf3 Qa5 16. Bb3 Nd7 17. Qd3 Nf6 18. g3 g6 19. Rae1 Rae8 {½-½ (31) Sasikiran,K (2675)-Banusz,T (2619) Linares 2019}) 13... Bg4 $146 ({Predecessor:} 13... Nd7 14. Bf4 Qc7 15. Bxd6 Qxd6 16. Rfe1 Rfe8 17. Re3 Nb6 18. Bb3 Nd5 19. Ne5 Be6 {0-1 (50) Kacharava,N (2392)-Zarubitski,V (2435) Kirishi 2018}) 14. Nh4 h6 $2 (14... Nd7 $11 {and Black stays safe.}) 15. Bxh6 gxh6 16. Qxh6 Qh5 17. Qxd6 Qxh4 18. Rfe1 Nd7 19. f3 Bf5 20. g4 Be6 $2 (20... Nb6 $17 {keeps the pressure on.} 21. Bb3 Bd3) 21. Bxe6 fxe6 22. Qxd7 Rxf3 23. Qxe6+ Kh8 24. Qe5+ Kg8 25. Qe6+ $2 (25. Rf1 $18 Raf8 26. Rxf3 Rxf3 27. Re1) 25... Kh8 26. Re5 $4 {[%emt 0:00:30] [#]} (26. Rf1 $18 Rff8 27. Rae1) 26... Qf2+ $1 27. Kh1 {[%emt 0:00:30] [#]} Rh3 $1 28. Rh5+ Rxh5 29. gxh5 Qf3+ {[%emt 0:00:30] Double Attack} 30. Kg1 Rg8+ 31. Qxg8+ Kxg8 32. Rf1 Qxc3 33. Kg2 Qxd4 34. Kg3 c5 35. Rf4 Qg1+ 36. Kh4 Qxh2+ {[%emt 0:00:30] Double Attack} 37. Kg5 Qxa2 38. Rf6 0-1

[Event "MARCEL 1st Div Ch-League 2019"]
[Site "Dhaka"]
[Date "2019.11.20"]
[Round "9.1"]
[White "Yasir Ali, Khan Evan"]
[Black "Suvradeepta, Das"]
[Result "0-1"]
[ECO "B06"]
[WhiteElo "1930"]
[BlackElo "1997"]
[Annotator "NA"]
[PlyCount "114"]
[EventDate "2019.11.12"]
[EventCountry "BAN"]
[SourceTitle "playchess.com"]
[Source "ChessBase"]
[SourceQuality "1"]
[TimeControl "5400+30"]

1. e4 g6 2. d4 Bg7 3. Bc4 c6 4. Nf3 d5 5. exd5 (5. Bb3 Bg4 6. h3 Bxf3 7. Qxf3 e6 8. e5 Nd7 9. Be3 Ne7 10. h4 Nf5 11. h5 Nxe3 12. Qxe3 {0-1 (28) Fasching,M (2029)-Hulshof,P (2180) Heraklion 2019}) 5... cxd5 6. Bb5+ {[%emt 0:00:24] B06: Modern Defence} Bd7 7. Bxd7+ Nxd7 8. O-O Ngf6 9. Re1 $146 ({Predecessor:} 9. c3 O-O 10. h3 Qc7 11. Re1 Rfe8 12. Bg5 {½-½ (66) Rodriguez,J (1689)-Barcelo Fraixanet,M (1533) Montevideo 2018}) 9... O-O 10. Qe2 e6 11. c4 dxc4 12. Qxc4 Nb6 13. Qb3 Qd5 14. Qxd5 (14. Qd1 $15) 14... Nfxd5 15. Bd2 Rfd8 16. Na3 h6 17. Rac1 Rdc8 18. b3 Bf8 19. Nc4 Nb4 20. Bxb4 Bxb4 21. Red1 Nd5 22. a3 Be7 23. a4 Rc7 24. g3 Rac8 25. Kg2 b6 26. Nfe5 a6 27. Nd3 b5 28. axb5 axb5 29. Nce5 Rc3 30. Rxc3 Rxc3 31. b4 Kg7 ({Much worse is} 31... Nxb4 $6 32. Nxb4 Bxb4 33. Rb1 $11) 32. Nc5 Rc2 33. Rb1 Bd6 34. Nc6 Ra2 35. Nb7 Bc7 36. Nc5 h5 37. Nd3 Rd2 38. Nc5 Ne3+ 39. Kg1 Ng4 40. Rf1 Bb6 41. h3 Nf6 42. Re1 Nd5 43. Ra1 h4 (43... g5 $17) 44. Ra3 (44. gxh4 $11 Nf4 45. Ra6 Rd1+ 46. Kh2) 44... hxg3 45. fxg3 {[%emt 0:00:00] [#]} (45. Rxg3 $17 {was the only defense.} Nf4 46. Ra3) 45... Nxb4 $1 46. Nxb4 Rxd4 47. Nbd3 Rc4 48. Rb3 Bxc5+ 49. Kg2 Bd6 50. Rxb5 Rc2+ 51. Kf3 Rc3 52. Ke2 Bxg3 53. Rg5 Bd6 54. h4 Rc4 55. h5 Kh6 $19 56. Rg2 Kxh5 57. Nf2 f5 0-1

[Event "MARCEL 1st Div Ch-League 2019"]
[Site "Dhaka"]
[Date "2019.11.20"]
[Round "9.2"]
[White "Sarbojit Paul"]
[Black "Mohammad Salman, Munshi"]
[Result "1-0"]
[ECO "B09"]
[WhiteElo "2074"]
[BlackElo "1593"]
[Annotator "NA RC"]
[PlyCount "51"]
[EventDate "2019.11.12"]
[EventCountry "BAN"]
[SourceTitle "playchess.com"]
[Source "ChessBase"]
[SourceQuality "1"]
[TimeControl "5400+30"]

1. e4 d6 2. d4 Nf6 3. Nc3 g6 4. f4 Bg7 5. Nf3 O-O 6. Bd3 Bg4 (6... Nc6 $11 {remains equal.}) 7. h3 Bxf3 8. Qxf3 e5 {[%emt 0:00:18] B09: Pirc Defence: Austrian Attack} (8... Nc6 9. Be3 e5 10. dxe5 dxe5 11. f5 Nd4 12. Qf2 c6 13. O-O-O Nh5 14. Be2 Nxe2+ 15. Nxe2 Qa5 16. Kb1 Rfd8 17. g4 Nf4 18. Nxf4 exf4 19. Bxf4 Bxb2 20. Kxb2 Qb4+ 21. Kc1 Qa3+ {½-½ (21) Bailet,P (2466)-Malakhov,V (2660) Brest 2019}) 9. dxe5 dxe5 {[%emt 0:00:03] [#]} 10. f5 $1 ({Don't play} 10. fxe5 $6 Nfd7 $11) 10... c6 {[%emt 0:05:32] [#]} (10... Nc6 $16 {might work better.}) 11. g4 (11. Be3 $1 $18) 11... Re8 (11... gxf5 $16 12. gxf5 Kh8) 12. Be3 $146 ({Predecessor:} 12. h4 b5 13. h5 Nbd7 14. Be3 Qa5 15. hxg6 hxg6 16. g5 Nh5 17. Rxh5 gxh5 18. Qxh5 f6 19. O-O-O fxg5 20. Bc4+ bxc4 21. Rxd7 Rf8 22. Qg6 {1-0 (22) Nguyen,N-Bao,Q (2315) Dong Thap 2004}) 12... b5 13. O-O-O Qa5 (13... Nbd7 $142 14. g5 Nh5 15. Nxb5 cxb5) 14. Kb1 Na6 15. Rhf1 Qc7 16. h4 h5 17. gxh5 Nxh5 18. Rg1 Nf4 19. Ne2 Bh6 20. fxg6 f6 21. Rg4 Nb4 22. Nxf4 Bxf4 23. Bxf4 Qa5 24. a3 Nxd3 25. Qxd3 exf4 26. Qb3+ 1-0

[Event "MARCEL 1st Div Ch-League 2019"]
[Site "Dhaka"]
[Date "2019.11.20"]
[Round "9.3"]
[White "Md. Nasim Hossain, Bhuiyan"]
[Black "Anisuzzaman, Jewel"]
[Result "1-0"]
[ECO "B07"]
[WhiteElo "1801"]
[BlackElo "1852"]
[Annotator "NA"]
[PlyCount "88"]
[EventDate "2019.11.12"]
[EventCountry "BAN"]
[SourceTitle "playchess.com"]
[Source "ChessBase"]
[SourceQuality "1"]
[TimeControl "5400+30"]

1. e4 g6 2. d4 d6 3. Nc3 a6 4. Be3 Nf6 5. Be2 (5. Qd2 b5 6. f3 Nbd7 7. O-O-O Nb6 8. g4 Bb7 9. Nh3 Nfd7 10. Be2 e6 11. Bg5 Be7 12. Qe3 Bxg5 13. Nxg5 {0-1 (26) Giri,A (2783)-Nepomniachtchi,I (2763) Wijk aan Zee 2019}) 5... b5 6. a3 {[%emt 0:04:19] B07: Pirc Defence: Miscellaneous Systems} (6. e5 $16 b4 7. exf6 bxc3 8. fxe7 (8. bxc3 exf6 9. Bf3 c6 $16) 8... Bxe7 9. bxc3) 6... Nbd7 $146 ({Predecessor:} 6... Bb7 7. Qd3 Nbd7 8. f4 c5 9. Bf3 cxd4 10. Bxd4 e5 11. fxe5 dxe5 12. Bf2 {½-½ (93) Nielsen,K (2078)-Aabling Thomsen,J (2324) Copenhagen 2012}) 7. g4 Bb7 8. f3 c5 9. d5 Qc7 10. g5 Nh5 11. f4 Ng7 12. h4 Nb6 13. Bf3 O-O-O 14. Nge2 e6 15. Ng3 Re8 16. Kf2 $1 Kb8 17. b3 Qe7 18. Qe2 f5 19. exf5 (19. dxe6 $15 fxe4 20. Ncxe4 (20. Ngxe4 Nf5 $15)) 19... Nxf5 (19... exd5 $17 20. f6 {[%mdl 64] Double Attack} Qc7 21. Nxb5 (21. fxg7 $2 Bxg7 22. Nxb5 Qd7 $17) 21... Qd7) 20. Nxf5 exf5 21. Rae1 Bg7 22. Qd2 Qf7 23. Kg3 (23. h5 $15) 23... Re7 24. Bf2 Rhe8 25. Rxe7 Rxe7 26. Re1 Rxe1 27. Qxe1 Bxc3 28. Qxc3 Bxd5 29. Qd3 (29. b4 $142) 29... Kc7 30. Be2 Bc6 ({Black should play} 30... Qg7 $19 31. Bf3 Bxf3 32. Kxf3 Qa1) 31. c4 $2 (31. b4 $17 {is a better defense.}) 31... Qe6 (31... Qg7 $19 32. cxb5 Bxb5) 32. h5 bxc4 33. bxc4 Qe4 34. Qxe4 Bxe4 35. h6 (35. Be1 $17) 35... Kc6 36. Bh5 Nxc4 37. Bxg6 Bd5 38. Bxh7 Nd2 39. Bxf5 Ne4+ 40. Kh4 Nxf2 41. h7 c4 42. h8=Q Kc5 43. g6 Nd3 44. Bxd3 cxd3 1-0